 Dungeon Crawl Stone Soup version 0.31-a0-538-gbc85326fa9 (webtiles) character file.

Game seed: 8712888614933146481

62784 Crownlay the Severer (level 15, -6/134 HPs)
             Began as a Hill Orc Fighter on Aug 13, 2023.
             Was a Priest of Uskayaw.
             Mangled by an orc warrior
             ... wielding a +0 halberd
              (14 damage)
             ... on level 2 of the Orcish Mines.
             The game lasted 01:06:55 (25925 turns).

Crownlay the Severer (Hill Orc Fighter)            Turns: 25925, Time: 01:06:55

Health: -6/134     AC: 19    Str: 27    XL:     15   Next: 7%
Magic:  25/25      EV:  9    Int:  8    God:    Uskayaw [***...]
Gold:   1502       SH: 13    Dex: 10    Spells: 14/14 levels left

rFire   + + .        X - +2 broad axe (venom)
rCold   . . .        R - +2 kite shield
rNeg    . . .        i - +0 fire dragon scales
rPois   .            y - +0 helmet
rElec   .            p - +2 cloak
rCorr   +            M - +0 pair of gloves
SInv    .            S - +1 pair of boots
Will    +....        (no amulet) Stlth
                     v - ring of flight
HPRegen 0.42/turn    P - ring "Qytoq" {rC+ rCorr Stlth+}
MPRegen 0.19/turn

%: no passive effects
@: flying, studying Fighting
A: no striking features
a: Renounce Religion, Stomp, Line Pass


You were on level 2 of the Orcish Mines.
You worshipped Uskayaw.
Uskayaw was pleased with you.
You visited 3 branches of the dungeon, and saw 20 of its levels.

You collected 1777 gold pieces.
You spent 275 gold pieces at shops.

Inventory:

Hand Weapons
 W - a +4 spear of venom
 X - a +2 broad axe of venom (weapon)
Missiles
 a - 2 silver javelins
 A - 12 boomerangs (quivered)
 B - 41 poisoned darts
 E - 8 javelins
 J - 8 curare-tipped darts
Armour
 i - +0 fire dragon scales (worn)
 p - a +2 cloak (worn)
 y - a +0 helmet (worn)
 G - the +1 scale mail of Upeena Rara {rC+}
   (You found it on level 9 of the Dungeon)

   rC+:       It protects you from cold.
 M - a +0 pair of gloves (worn)
 R - a +2 kite shield (worn)
 S - a +1 pair of boots (worn)
Jewellery
 r - a ring of protection from cold
 v - a ring of flight (left hand)
 C - a +6 ring of strength
 P - the ring "Qytoq" (right hand) {rC+ rCorr Stlth+}
   (You found it on level 10 of the Dungeon)

   [ring of resist corrosion]

   rC+:       It protects you from cold.
   rCorr:     It protects you from acid and corrosion.
   Stlth+:    It makes you more stealthy.
Talismans
 o - a serpent talisman
Wands
 x - a wand of flame (25)
 F - a wand of iceblast (1)
 N - a wand of paralysis (24)
 V - a wand of polymorph (1)
 Y - a wand of mindburst (6)
Scrolls
 b - 2 scrolls of blinking
 f - a scroll of vulnerability
 g - 6 scrolls of immolation
 k - a scroll of silence
 l - a scroll of noise
 m - 3 scrolls of fog
 n - 3 scrolls of fear
 q - 2 scrolls of revelation
 w - 3 scrolls of teleportation
 L - a scroll of amnesia
 T - a scroll of poison
Potions
 c - a potion of brilliance {unknown}
 d - 2 potions of might
 e - 4 potions of mutation
 h - 4 potions of curing
 j - 2 potions of invisibility
 u - 2 potions of attraction
 z - 2 potions of ambrosia
 D - a potion of enlightenment
 H - a potion of resistance
 K - 4 potions of haste
 U - a potion of lignification {unknown}


   Skills:
 + Level 12.5 Fighting
 * Level 17.3(18.4) Axes
 - Level 3.8(10.3) Maces & Flails
 - Level 7.9(12.3) Polearms
 - Level 6.0 Throwing
 - Level 8.0 Armour
 - Level 12.0 Shields
 - Level 14.0 Invocations
 + Level 5.3 Shapeshifting


You had 14 spell levels left.
You didn't know any spells.
Your spell library contained the following spells:

 Spells                   Type           Power      Damage    Failure   Level
 Cigotuvi's Dreadful Rot  Necr/Pois/Air  0%         N/A       94%         2
 Ensorcelled Hibernation  Hex/Ice        0%         N/A       94%         2
 Passwall                 Tmut/Erth      0%         N/A       94%         2
 Sublimation of Blood     Necr           0%         N/A       94%         2
 Wereblood                Tmut           0%         N/A       94%         2
 Dazzling Flash           Conj/Hex       0%         N/A       99%         3
 Inner Flame              Hex/Fire       0%         N/A       99%         3
 Ozocubu's Armour         Ice            0%         N/A       99%         3
 Swiftness                Air            0%         N/A       99%         3
 Volatile Blastmotes      Fire/Tloc      0%         2d10      99%         3
 Dispel Undead            Necr           0%         3d6       100%        4
 Flame Wave               Conj/Fire      0%         2d4       100%        4
 Leda's Liquefaction      Hex/Erth       0%         N/A       100%        4
 Sticky Flame             Conj/Fire      0%         2d3       100%        4
 Lee's Rapid Deconstruct  Erth           0%         3d4*      100%        5
 Metabolic Englaciation   Hex/Ice        0%         N/A       100%        5
 Death Channel            Necr           0%         N/A       100%        6
 Leda's Unmaking          Conj/Erth      0%         9d1       100%        6
 Simulacrum               Ice/Necr       0%         N/A       100%        6
 Starburst                Conj/Fire      0%         6d3       100%        6
 Summon Hydra             Summ           0%         N/A       100%        7
 Maxwell's Capacitive Co  Air            0%         ∞         100%        8


Dungeon Overview and Level Annotations

Branches:
Dungeon (13/15)            Temple (0/1) D:4            Lair (5/5) D:8
 Shoals (0/4) Lair:3       Spider (0/4) Lair:3        Slime (0/5) Lair:5
    Orc (2/2) D:12
    Elf: Orc:2       Vaults: D:13-14

Altars:
Elyvilon
Gozag
Kikubaaqudgha
Makhleb
Okawaru
Qazlal
Uskayaw
Vehumet
Wu Jian
Xom
Beogh
Jiyva

Shops:
D:5 =   Orc:1 *   Orc:2 [*

Portals:
Trove: D:12 (give 5 scrolls of fog)

Annotations:
Lair:3 1 runed translucent door, Vorhees's ghost, journeyman GnSh


Message History

The orc knight is severely wounded.
You slash the orc knight!
The orc knight looks as sick as possible!
The orc knight hits you with a +0 great sword.
You block the orc warrior's attack. You block the orc knight's attack.
You slash the orc knight!
The orc knight is almost dead.
You barely miss the orc knight.
The orc knight hits you with a +0 great sword!
The orc warrior hits you from afar with a +0 halberd!
You block the orc knight's attack.
You slash the orc knight!
You kill the orc knight!
You slash the orc knight!
Uskayaw will force your foes to helplessly watch your dance.
You hit the orc knight.
The orc knight looks as sick as possible!
The orc knight is severely wounded.
The orc knight hits you with a +0 great sword!
The orc warrior hits you from afar with a +0 halberd!!
You are too injured to fight recklessly!
You are too injured to fight recklessly!
You are too injured to fight recklessly!
You are too injured to fight recklessly!
You slash the orc knight!
The orc knight looks as sick as possible!
The orc knight is almost dead.
The orc knight hits you with a +0 great sword!!!
* * * LOW HITPOINT WARNING * * *
You block the orc warrior's attack.
You feel much better.
The orc knight hits you with a +0 great sword.
* * * LOW HITPOINT WARNING * * *
The orc warrior completely misses you.
You closely miss the orc knight.
The orc knight is almost dead.
The orc knight hits you with a +0 great sword!
* * * LOW HITPOINT WARNING * * *
The orc warrior hits you from afar with a +0 halberd!
You die...

##+## ###P.........
###............
#.#........#...
#.............)
#.........#...)
##.......##....
#####+##.......###.##
#∩..#.##.....[...####
#.oo@.#...........##.
#..)#.#...........###
#####.###'###...[..##
#..)#.#.))..#........
#..)'.#.))).#........
#∩).#.'..⌠..#........
#####.#.....#....<...
#.....#.....#........
#.###'########.......


You could see an orc knight (strong, extremely poisoned) and an orc warrior
(strong).

Vanquished Creatures
  2 fire dragons
  3 hydras
  Erolcha (Orc:1)
  4 two-headed ogres
  2 centaur warriors (D:9)
  3 death yaks (D:8)
  2 boulder beetles
  An orc high priest (Orc:1)
  Urug (D:11)
  Nergalle (Orc:1)
  A pharaoh ant (Lair:3)
  2 skysharks
  2 lindwurms (Lair:5)
  3 orc knights (Orc:2)
  Pikel (D:6)
  2 orc sorcerers
  A manticore (D:10)
  An ugly thing (D:12)
  An oklob plant (Lair:4)
  2 cyclopes
  10 black mambas
  7 elephants
  3 molten gargoyles (Lair:5)
  Joseph (D:8)
  An orange demon (D:9)
  A torpor snail (Lair:3)
  10 cane toads
  An unseen horror (D:10)
  3 kobold demonologists
  14 rime drakes
  11 komodo dragons
  An ice devil (D:9)
  4 trolls
  A red devil (D:9)
  A polar bear (Lair:5)
  2 hellwings (D:9)
  9 blink frogs
  A hornet (D:9)
  4 dream sheep (Lair:2)
  A tarantella (Lair:3)
  2 jumping spiders (Lair:3)
  9 slime creatures (D:12)
  9 wyverns
  3 wraiths
  27 yaks
  11 steam dragons
  6 basilisks
  A chaos spawn (D:9)
  6 wargs
  A redback (Lair:3)
  Menkaure (D:7)
  15 water moccasins
  Duvessa (D:7)
  3 hell hounds (Lair:5)
  3 ice beasts
  A sky beast (D:7)
  22 orc warriors
  2 black bears (D:5)
  15 ogres
  6 wolves (Lair:4)
  6 centaurs (D:9)
  A phantom (D:6)
  11 bullfrogs
  8 kobold brigands
  5 gnoll sergeants
  3 scorpions
  7 wights
  Dowan (D:7)
  5 killer bees
  4 electric eels
  2 howler monkeys (D:9)
  A crimson imp (D:8)
  3 hounds
  5 lava snakes (Lair:5)
  A quasit (D:9)
  2 jellies
  Crazy Yiuf (D:2)
  11 orc priests
  A gnoll bouda (D:9)
  A sleepcap (D:6)
  Jessica (D:3)
  An iguana (D:6)
  8 orc wizards
  2 hell rats (D:8)
  19 gnolls
  8 adders
  2 river rats (D:8)
  3 shadow imps
  2 white imps
  2 worms
  3 dart slugs
  62 orcs
  8 endoplasms
  A giant cockroach (D:2)
  A hobgoblin (D:2)
  7 quokkas
  2 ball pythons
  5 bats
  5 frilled lizards
  3 goblins
  28 kobolds
  3 rats
521 creatures vanquished.

Vanquished Creatures (others)
  A rime drake (Lair:5)
  A yak (Lair:3)
  An orc wizard (D:9)
3 creatures vanquished.

Grand Total: 524 creatures vanquished

Notes
Turn   | Place    | Note
-------+----------+-------------------------------------------
     0 | D:1      | Crownlay the Hill Orc Fighter began the quest for the Orb.
     0 | D:1      | Reached XP level 1. HP: 19/19 MP: 1/1
   242 | D:1      | Reached skill level 3 in Axes
   275 | D:1      | Reached XP level 2. HP: 27/27 MP: 2/2
  1015 | D:2      | Reached XP level 3. HP: 33/33 MP: 3/3
  1062 | D:2      | Reached skill level 4 in Axes
  1387 | D:2      | Found a runed translucent door.
  1388 | D:2      | Noticed Crazy Yiuf
  1399 | D:2      | Killed Crazy Yiuf
  1400 | D:2      | Reached XP level 4. HP: 7/40 MP: 0/4
  1637 | D:3      | Found a white marble altar of Elyvilon.
  1858 | D:3      | Reached skill level 5 in Axes
  1876 | D:3      | Noticed Jessica
  1884 | D:3      | Killed Jessica
  1885 | D:3      | Reached XP level 5. HP: 47/47 MP: 5/5
  1907 | D:3      | Found a hide-covered altar of Uskayaw.
  1916 | D:3      | Became a worshipper of Uskayaw the Reveller
  2174 | D:4      | Reached * piety under Uskayaw
  2209 | D:4      | Reached ** piety under Uskayaw
  2229 | D:4      | Noticed an ogre
  2245 | D:4      | Killed an ogre
  2246 | D:4      | Reached skill level 5 in Fighting
  2246 | D:4      | Reached skill level 6 in Axes
  2246 | D:4      | Reached XP level 6. HP: 22/56 MP: 6/6
  2247 | D:4      | Reached *** piety under Uskayaw
  2499 | D:4      | Found a staircase to the Ecumenical Temple.
  2630 | D:4      | Reached skill level 5 in Shields
  2774 | D:4      | Reached skill level 7 in Axes
  2891 | D:4      | Reached XP level 7. HP: 60/61 MP: 7/7
  3322 | D:5      | Entered Level 5 of the Dungeon
  3372 | D:5      | Found Urug's One-of-a-Kind Rings.
  3437 | D:5      | Found an opulent altar of Gozag.
  3550 | D:5      | Found a stormy altar of Qazlal.
  3593 | D:5      | Noticed a yak
  3604 | D:5      | Noticed a yak
  3607 | D:5      | Noticed a yak
  3610 | D:5      | Noticed a yak
  3611 | D:5      | Noticed a yak
  3616 | D:5      | Killed a yak
  3617 | D:5      | Reached skill level 8 in Axes
  3617 | D:5      | Reached skill level 1 in Throwing
  3621 | D:5      | Reached **** piety under Uskayaw
  3632 | D:5      | Killed a yak
  3633 | D:5      | Reached XP level 8. HP: 58/70 MP: 8/8
  3641 | D:5      | Killed a yak
  3641 | D:5      | Reached ***** piety under Uskayaw
  3642 | D:5      | Reached skill level 9 in Axes
  3643 | D:5      | Killed a yak
  3646 | D:5      | Killed a yak
  3864 | D:5      | Reached skill level 10 in Axes
  4494 | D:6      | Reached XP level 9. HP: 64/75 MP: 9/9
  4650 | D:6      | Reached skill level 1 in Invocations
  4657 | D:6      | Reached skill level 11 in Axes
  5221 | D:6      | Noticed Pikel
  5232 | D:6      | Killed Pikel
  5317 | D:7      | Noticed Menkaure
  5323 | D:7      | Killed Menkaure
  5363 | D:7      | Reached skill level 5 in Armour
  5598 | D:7      | Noticed Duvessa
  5619 | D:7      | Noticed Dowan
  5621 | D:7      | Killed Duvessa
  5622 | D:7      | Reached XP level 10. HP: 86/86 MP: 13/13
  5630 | D:7      | Killed Dowan
  5631 | D:7      | Reached skill level 5 in Invocations
  5663 | D:7      | Reached skill level 12 in Axes
  6212 | D:8      | Noticed a death yak
  6215 | D:8      | Noticed a death yak
  6215 | D:8      | Noticed a death yak
  6234 | D:8      | Killed a death yak
  6250 | D:8      | Reached ****** piety under Uskayaw
  6251 | D:8      | Killed a death yak
  6252 | D:8      | Killed a death yak
  6405 | D:8      | Found a staircase to the Lair.
  6451 | D:8      | Reached skill level 13 in Axes
  6939 | D:8      | Noticed Joseph
  6958 | D:8      | Paralysed by Joseph for 4 turns
  6963 | D:8      | Killed Joseph
  6964 | D:8      | Reached XP level 11. HP: 79/94 MP: 16/16
  7062 | D:8      | Found a radiant altar of Vehumet.
  7067 | D:8      | Found a burning altar of Makhleb.
  7996 | D:9      | Noticed a two-headed ogre
  8011 | D:9      | Killed a two-headed ogre
  8165 | D:9      | Noticed a centaur warrior
  8172 | D:9      | Killed a centaur warrior
  8173 | D:9      | Reached skill level 14 in Axes
  8328 | D:9      | Identified the +1 scale mail of Upeena Rara {rC+}
  8541 | D:9      | Reached skill level 1 in Maces & Flails
  8599 | D:9      | Noticed a centaur warrior
  8620 | D:9      | Killed a centaur warrior
  8621 | D:9      | Reached skill level 10 in Invocations
  8848 | D:9      | Reached skill level 10 in Fighting
  9148 | D:9      | Reached skill level 1 in Polearms
  9729 | D:9      | Noticed a two-headed ogre
  9742 | D:9      | Killed a two-headed ogre
  9743 | D:9      | Reached XP level 12. HP: 74/106 MP: 19/19
 10848 | D:10     | Entered Level 10 of the Dungeon
 11036 | D:10     | Found an ornate altar of the Wu Jian Council.
 11102 | D:10     | Identified the ring "Qytoq" {rC+ rCorr Stlth+}
 11153 | D:10     | Found an ancient bone altar of Kikubaaqudgha.
 11504 | D:10     | Reached skill level 5 in Polearms
 11621 | D:10     | Found an iron altar of Okawaru.
 12012 | D:11     | Noticed Urug
 12025 | D:11     | Killed Urug
 12286 | D:11     | You fall into a shaft and drop 2 floors!
 12397 | D:12     | Found a staircase to the Orcish Mines.
 12479 | D:12     | Found a portal to a secret trove of treasure.
 12702 | D:12     | Found a transporter.
 12704 | D:12     | Found a transporter.
 12706 | D:12     | Found a transporter.
 12711 | D:12     | Found a transporter.
 12712 | D:12     | Found a transporter.
 12713 | D:12     | Found a transporter.
 12860 | D:12     | Noticed a two-headed ogre
 12872 | D:12     | Killed a two-headed ogre
 13225 | D:12     | Noticed a boulder beetle
 13237 | D:12     | Killed a boulder beetle
 13238 | D:12     | Reached skill level 10 in Shields
 13642 | Lair:1   | Entered Level 1 of the Lair of Beasts
 14104 | Lair:1   | Reached skill level 1 in Shapeshifting
 14360 | Lair:1   | Reached skill level 5 in Throwing
 14390 | Lair:1   | Reached XP level 13. HP: 114/114 MP: 21/21
 16886 | Lair:3   | Found a runed translucent door.
 17044 | Lair:3   | Found a staircase to the Shoals.
 17358 | Lair:3   | Found a runed translucent door.
 17365 | Lair:3   | Found a shimmering altar of Xom.
 17365 | Lair:3   | Noticed Vorhees's ghost (journeyman GnSh)
 17492 | Lair:3   | Found a hole to the Spider Nest.
 19103 | Lair:4   | Reached XP level 14. HP: 119/124 MP: 23/23
 19678 | Lair:5   | Entered Level 5 of the Lair of Beasts
 19869 | Lair:5   | Reached skill level 15 in Axes
 20564 | Lair:5   | Found a viscous altar of Jiyva.
 20565 | Lair:5   | Found a staircase to the Slime Pits.
 22231 | Lair:5   | Reached skill level 16 in Axes
 22674 | Lair:5   | Found a large runed translucent door.
 22675 | Lair:5   | Found a large runed translucent door.
 23891 | Lair:3   | Identified the +2 leather armour of Somewhere Else {rElec}
 24185 | Orc:1    | Entered Level 1 of the Orcish Mines
 24193 | Orc:1    | Noticed Nergalle
 24215 | Orc:1    | Killed Nergalle
 24398 | Orc:1    | Found Jagocs's General Store.
 24403 | Orc:1    | Bought a scroll of identify for 36 gold pieces
 24403 | Orc:1    | Bought a scroll of identify for 36 gold pieces
 24403 | Orc:1    | Bought a scroll of enchant weapon for 135 gold pieces
 24553 | Orc:2    | Entered Level 2 of the Orcish Mines
 24845 | Orc:1    | Noticed Erolcha
 24854 | Orc:1    | Killed Erolcha
 25207 | Orc:1    | Reached skill level 5 in Shapeshifting
 25375 | Orc:1    | Identified a scroll of acquirement
 25376 | Orc:1    | Acquired a manual of Fighting
 25590 | Orc:2    | Found a roughly hewn altar of Beogh.
 25592 | Orc:2    | Reached skill level 17 in Axes
 25649 | Orc:2    | Reached XP level 15. HP: 83/133 MP: 25/25
 25878 | Orc:2    | Found Qaf Cicwai's Assorted Antiques.
 25904 | Orc:2    | Bought a scroll of identify for 68 gold pieces
 25911 | Orc:2    | Found Fufuiph's Armour Shoppe.
 25923 | Orc:2    | HP: 6/134 [orc knight/+0 great sword (40)]
 25925 | Orc:2    | Mangled by an orc warrior

Illustrated notes

Levels and vault maps discovered:
D:1:      denvon_arrival_planthouse, layout_rooms, serial_co_window_serial,
          co_window_corner_a, co_window_paths_a, co_window_paths_b,
          co_window_of_opportunity_a, co_window_paths_a, co_window_cross_4,
          co_window_broadway_c, co_window_of_opportunity_c, co_window_paths_d,
          co_window_4corner_b, glass_columns_a, glass_columns_a,
          glass_columns_a, glass_columns_a, moated_statue
D:2:      layout_rooms, uniq_crazy_yiuf_cottage
D:3:      layout_rooms, nicolae_elyvilon_peaceful_grove,
          mainiacjoe_overflow_six_doors_small, uniq_jessica
D:4:      layout_cave_pods, minmay_temple_entry_mist
D:5:      layout_basic, grunt_qazlal_clouds, nicolae_gozag_seed_capital,
          nicolae_shop_unique_rings
D:6:      layout_rooms, uniq_pikel
D:7:      wander_river, layout_rooms, minivault_26, uniq_menkaure, uniq_duvessa
D:8:      layout_basic, grunt_temple_overflow_lords_of_destruction,
          dpeg_lair_monsters, uniq_joseph
D:9:      nzn_winding_woodlands_cross [nzn_winding_woodlands_5x15_concentric,
          nzn_winding_woodlands_5x15_pockets,
          nzn_winding_woodlands_5x15_longhouse,
          nzn_winding_woodlands_5x15_split_checker,
          nzn_winding_woodlands_15x15_five_gardens], layout_layer_cave,
          serial_demonic, serial_demonic_d, serial_demonic_b, serial_demonic_c,
          serial_demonic_d, minivault_24
D:10:     layout_cross, kiku_gazebo_garden_becter, amcnicky_altar_gilded,
          kennysheep_mini, dk_vineyard_1
D:11:     layout_gridville, uniq_urug
D:12:     layout_long_grid, david_orc_4, nicolae_trove_entry_isolated,
          serial_nicolae_subway, nicolae_sub_station_stone,
          nicolae_sub_station_crystal, nicolae_sub_station_metal
D:13:     layout_small_grid, skrybe_vaults_entry_preservation, uniq_maurice
Lair:1:   layout_cave_pods, lemuel_fruit_tree, serial_bayou_shore_a,
          grunt_megastairs_3
Lair:2:   layout_regular_city
Lair:3:   layout_chaotic_city, elwin_shoals_entry_rocks,
          nicolae_spider_entry_lesser_pyramids, ebering_ghost_xom,
          pf_torpor_hydra, infiniplex_staircase_pool
Lair:4:   layout_loops_ring, st_stairs_10, minmay_lair_oklob_items,
          grunt_megastairs_1
Lair:5:   cheibrodos_lair_end_hotspot, layout_regular_city, slime_entry_1,
          bobbens_dragon_lair_wall
Orc:1:    layout_diamond_mine, serial_shops, shop, uniq_nergalle, uniq_erolcha
Orc:2:    pubby_orc_utopia, serial_shops

Skill      XL: |  1  2  3  4  5  6  7  8  9 10 11 12 13 14 |
---------------+-------------------------------------------+-----
Axes           | 3 4 5 6 7 8 10 11 13 14 17 | 17.3
Fighting       | 4 5 6 7 8 10 11 12 | 12.5
Shields        | 4 5 7 8 10 11 12 | 12.0
Throwing       | 1 2 3 5 6 |  6.0
Invocations    | 4 7 10 11 12 14 | 14.0
Armour         | 5 7 8 |  8.0
Maces & Flails | 3 |  3.8
Polearms       | 3 6 7 |  7.9
Shapeshifting  | 1 3 5 |  5.3

Action                     |  1- 3 |  4- 6 |  7- 9 | 10-12 | 13-15 || total
---------------------------+-------+-------+-------+-------+-------++-------
  Melee: War axe           |    70 |   110 |   205 |   785 |   427 ||  1597
         Spear             |       |       |       |       |    43 ||    43
         Broad axe         |       |       |       |       |   489 ||   489
  Throw: Boomerang         |       |       |    33 |    12 |    82 ||   127
         Dart              |       |       |     5 |    71 |    20 ||    96
         Throwing net      |       |       |       |     1 |       ||     1
         Javelin           |       |       |       |       |     2 ||     2
 Invoke: Line Pass         |       |       |     1 |     1 |       ||     2
         Grand Finale      |       |       |       |     1 |     1 ||     2
  Evoke: Wand              |       |       |     8 |     4 |     8 ||    20
    Use: Scroll            |       |     3 |     5 |     7 |    14 ||    29
         Potion            |       |       |       |     6 |     3 ||     9
   Stab: Paralysed         |       |     1 |     8 |    68 |    86 ||   163
         Held in net/web   |       |       |       |     2 |       ||     2
 Armour: Scale mail        |    21 |    53 |     2 |   248 |   280 ||   604
         Leather armour    |       |       |    88 |   144 |       ||   232
         Fire dragon scale |       |       |       |       |    38 ||    38
  Dodge: Dodged            |    28 |    44 |    68 |   246 |   210 ||   596
  Block: Buckler           |    14 |    26 |    37 |    97 |       ||   174
         Kite shield       |       |       |       |   164 |   488 ||   652

Table legend: (Time is in decaauts)
 A = Elapsed time spent in this place.
 B = Non-inter-level travel time spent in this place.
 C = Inter-level travel time spent in this place.
 D = Time resting spent in this place.
 E = Time spent auto-exploring this place.
 F = Levels seen in this place.
 G = Mean time per level.
                   A        B        C        D        E       F      G
               +--------+--------+--------+--------+--------+-----+--------+
         Total |  25714 |  24420 |   1294 |   2434 |  16007 |  20 | 1285.7 |
       Dungeon |  13894 |  13000 |    894 |   1069 |   8987 |  13 | 1068.8 |
          Lair |  10115 |   9756 |    359 |   1243 |   5859 |   5 | 2023.0 |
  Orcish Mines |   1704 |   1663 |     41 |    122 |   1161 |   2 |  852.0 |
               +--------+--------+--------+--------+--------+-----+--------+

Top non-repeatable levels by time:
     D:9: 3530 daAuts
  Lair:5: 3517 daAuts
  Lair:3: 2020 daAuts
  Lair:4: 1595 daAuts
  Lair:1: 1556 daAuts
  Lair:2: 1426 daAuts
    D:12: 1352 daAuts
     D:8: 1300 daAuts
     D:4: 1186 daAuts
     D:5: 1163 daAuts
    D:10: 977 daAuts
     D:1: 964 daAuts
   Orc:2: 900 daAuts
     D:7: 873 daAuts
     D:6: 836 daAuts
